 Dungeon Crawl Stone Soup version 0.27.1-1-g398f81649c (webtiles) character file.

Game seed: 12861415429117146631

219 Metae the Shield-Bearer (level 5, -10/47 HPs)
             Began as a Minotaur Fighter on Sept 17, 2021.
             Was an Initiate of Makhleb.
             Splashed by Ijyb's acid (12 damage)
             ... on level 3 of the Dungeon.
             The game lasted 00:05:01 (2754 turns).

Metae the Shield-Bearer (Minotaur Fighter)          Turns: 2754, Time: 00:05:02

Health: -10/47     AC:  4    Str: 21    XL:     5   Next: 64%
Magic:  4/4        EV:  7    Int:  5    God:    Makhleb [......]
Gold:   140        SH: 10    Dex: 10    Spells: 4/4 levels left

rFire    . . .     SeeInvis .   a - +0 war axe
rCold    . . .     Faith    +   c - +0 kite shield
rNeg     . . .     Spirit   .   b - +0 scale mail
rPois    .         Reflect  .   (helmet restricted)
rElec    .         Harm     .   (no cloak)
rCorr    .         Rampage  .   m - +0 pair of gloves
Will     .....                  (no boots)
Stlth    ..........             o - amulet of faith
HPRegen  0.15/turn              (no ring)
MPRegen  0.09/turn              (no ring)

@: corroded
A: horns 2, retaliatory headbutt
a: Renounce Religion


You were on level 3 of the Dungeon.
You worshipped Makhleb.
Makhleb was noncommittal.
You visited 1 branch of the dungeon, and saw 3 of its levels.

You collected 140 gold pieces.

Inventory:

Hand Weapons
 a - a +0 war axe (weapon)
Armour
 b - a +0 scale mail (worn)
 c - a +0 kite shield (worn)
 m - a +0 pair of gloves (worn)
Jewellery
 o - an amulet of faith (around neck)
Scrolls
 f - 2 scrolls of amnesia {unknown}
 g - a scroll of summoning {unknown}
 h - 3 scrolls of identify {unknown}
 j - a scroll of enchant weapon {unknown}
 l - a scroll of brand weapon {unknown}
 n - a scroll of blinking {unknown}
 p - a scroll of teleportation {unknown}
 q - a scroll of vulnerability {unknown}
Potions
 d - 2 potions of might
 e - 3 potions of curing {unknown}
 i - a potion of brilliance {unknown}
 k - a potion of attraction {unknown}


   Skills:
 + Level 4.9 Fighting
 + Level 4.1 Axes
 + Level 5.0 Armour
 + Level 5.0 Shields


You had 4 spell levels left.
You didn't know any spells.
Your spell library was empty.

Dungeon Overview and Level Annotations

Branches:
Dungeon (3/15)

Altars:
Makhleb
Xom
Zin

Annotations:
D:3 Ijyb


Innate Abilities, Weirdness & Mutations

You have a pair of horns on your head.
You reflexively headbutt those who attack you in melee.


Message History

The crimson imp barely misses you.
You slash the crimson imp!
You headbutt the crimson imp, but do no damage.
The crimson imp is almost dead.
The crimson imp hits you but does no damage.
The crimson imp blinks!
You closely miss the crimson imp. Your headbutt misses the crimson imp.
The crimson imp is severely wounded.
The crimson imp hits you but does no damage.
You closely miss the crimson imp.
The crimson imp is severely wounded.
The crimson imp hits you but does no damage.
The crimson imp blinks!
A crimson imp is nearby!
You hit the crimson imp.
The crimson imp is severely wounded.
The crimson imp blinks!
You slash the crimson imp! You headbutt the crimson imp.
You kill the crimson imp!
Makhleb accepts your kill.
Your Axes skill increases to level 4!
Your Armour skill increases to level 5!
Your Shields skill increases to level 5!
No target in view!
Ijyb the Twisted Goblin comes into view.
She is wielding a +0 club and carrying a wand of acid (7).
Ijyb shouts!
You hear a shout!
A crimson imp comes into view. It is wielding a +2 dagger of chaos.
You closely miss Ijyb.
Ijyb zaps a wand.
The bolt of acid hits you!!
Ouch! That really hurt!
The acid corrodes you!
You are splashed with acid!
* * * LOW HITPOINT WARNING * * *
Ijyb screams, "It's all mine!"
Ijyb hits you with a +0 club.
* * * LOW HITPOINT WARNING * * *
Okay, then.
You slash Ijyb!
Ijyb is moderately wounded.
Ijyb zaps a wand.
The bolt of acid hits you!
* * * LOW HITPOINT WARNING * * *
You are splashed with acid!
You die...

#.#
#...>.....#........##....
.#
###.###.)..........###...
#..# ##.#...####### #.#.
#(## #.......# #.#. #.
##..>##########)#( #.
#.#.#.###...##.#.
#.###..P#........
###.##..P.#....#...
#.@.##...P####.....
##g###....###...... #5.
#P.......##...
###.###PP......>.. ..
###...##.#.. ##
###....### #..#.....
#####.####### ###.....#


You could see Ijyb and a crimson imp.

Vanquished Creatures
  2 crimson imps (D:3)
  Jessica (D:2)
  Robin (D:2)
  6 adders
  A worm (D:2)
  8 ball pythons
  4 bats
  2 endoplasms
  9 goblins
  9 hobgoblins
  3 jackals (D:3)
  2 quokkas
  4 frilled lizards
  4 kobolds
  A rat (D:3)
57 creatures vanquished.

Vanquished Creatures (others)
  2 plants (D:3)
2 creatures vanquished.

Grand Total: 59 creatures vanquished

Notes
Turn   | Place    | Note
-------+----------+-------------------------------------------
     0 | D:1      | Metae the Minotaur Fighter began the quest for the Orb.
     0 | D:1      | Reached XP level 1. HP: 19/19 MP: 0/0
   588 | D:1      | Found a faded altar of an unknown god.
   796 | D:1      | Reached XP level 2. HP: 27/27 MP: 1/1
  1048 | D:2      | Reached XP level 3. HP: 16/33 MP: 2/2
  1548 | D:2      | Noticed Robin
  1569 | D:2      | Killed Robin
  1570 | D:2      | Reached XP level 4. HP: 26/40 MP: 3/3
  1793 | D:2      | Noticed Jessica
  1798 | D:2      | Killed Jessica
  1974 | D:3      | Found a glowing silver altar of Zin.
  2222 | D:3      | Found a burning altar of Makhleb.
  2231 | D:3      | Became a worshipper of Makhleb the Destroyer
  2311 | D:3      | Reached XP level 5. HP: 39/47 MP: 4/4
  2486 | D:3      | Found a shimmering altar of Xom.
  2712 | D:3      | Reached skill level 5 in Armour
  2712 | D:3      | Reached skill level 5 in Shields
  2752 | D:3      | Noticed Ijyb
  2754 | D:3      | HP: 2/47 [Ijyb/bolt of acid (9)]
  2754 | D:3      | Splashed by Ijyb's acid

Illustrated notes

Levels and vault maps discovered:
D:1:      giann_wishing_wells, layout_loops_corners,
          ebering_ecumenical_altar_rust
D:2:      layout_rooms, mrwooster_statue_mirror, minmay_shallow_snake_nest,
          uniq_jessica, uniq_robin
D:3:      layout_rooms, mainiacjoe_overflow_concentric_impassable, led_xom_imps,
          mainiacjoe_overflow_small_starburst, minmay_lizard_king, uniq_ijyb

Skill      XL: |  1  2  3  4  5 |
---------------+----------------+-----
Fighting       | 4 |  4.9
Axes           | 3 4 |  4.1
Armour         | 4 5 |  5.0
Shields        | 4 5 |  5.0

Action                   |  1- 3 |  4- 6 || total
-------------------------+-------+-------++-------
Melee: War axe           |    66 |    85 ||   151
       Headbutt          |    11 |    15 ||    26
Armor: Scale mail        |    34 |    35 ||    69
Dodge: Dodged            |    15 |    30 ||    45
Block: Kite shield       |    44 |    43 ||    87
